 Dungeon Crawl Stone Soup version 0.31.0-11-ge490571c62 (webtiles) character file.

Game seed: 16399555810646439344

88 Wooperglow the Firebug (level 4, -6/24 HPs)
             Began as a Deep Elf Fire Elementalist on Feb 7, 2024.
             Killed by divine providence
             ... invoked by an orc priest
              (15 damage)
             ... on level 3 of the Dungeon.
             The game lasted 00:14:54 (2361 turns).

Wooperglow the Firebug (Deep Elf Fire Elementalist) Turns: 2361, Time: 00:14:56

Health: -6/24      AC:  2    Str:  5    XL:     4   Next: 30%
Magic:  2/12       EV: 13    Int: 22    God:
Gold:   73         SH:  0    Dex: 15    Spells: 8/11 levels left

rFire   . . .        e - +1 dagger (vamp)
rCold   . . .        (no shield)
rNeg    . . .        a - +0 robe
rPois   .            (no helmet)
rElec   .            (no cloak)
rCorr   .            (no gloves)
SInv    .            (no boots)
Will    .....        (no amulet)
Stlth   ++           (no ring)
HPRegen 0.24/turn    (no ring)
MPRegen 0.13/turn

%: no passive effects
@: no status effects
A: no striking features
a: no special abilities


You were on level 3 of the Dungeon.
You visited 1 branch of the dungeon, and saw 3 of its levels.

You collected 73 gold pieces.

Inventory:

Hand Weapons
 e - a +1 vampiric dagger (weapon)
Armour
 a - a +0 robe (worn)
 d - a +0 leather armour
 g - an orb of wrath
 i - a +0 robe
 q - a +0 buckler
Talismans
 p - a flux talisman
Wands
 o - a wand of charming (9)
Scrolls
 k - a scroll of immolation {unknown}
 m - 4 scrolls of teleportation {unknown}
 n - 2 scrolls of identify {unknown}
Potions
 b - a potion of magic
 c - a potion of mutation {unknown}
 f - 3 potions of brilliance {unknown}
 h - 3 potions of curing {unknown}
 j - 2 potions of haste {unknown}
 l - a potion of might {unknown}
 r - a potion of ambrosia {unknown}


   Skills:
 + Level 3.1 Dodging
 + Level 3.2 Stealth
 * Level 4.0 Spellcasting
 + Level 1.8 Conjurations
 * Level 4.1 Fire Magic


You had 8 spell levels left.
You knew the following spells:

 Your Spells              Type           Power      Damage    Failure   Level
a - Foxfire               Conj/Fire      68%        2x1d7     3%          1
b - Scorch                Fire           44%        2d6       3%          2

Your spell library contained the following spells:

 Spells                   Type           Power      Damage    Failure   Level
 Necrotise                Necr           16%        1d4       11%         1
 Inner Flame              Hex/Fire       13%        N/A       14%         3
 Volatile Blastmotes      Fire/Tloc      26%        2d12      14%         3
 Vampiric Draining        Necr           4%         2d6       32%         3
 Flame Wave               Conj/Fire      17%        2d7       32%         4
 Martyr's Knell           Necr/Summ      4%         N/A       73%         4
 Curse of Agony           Necr           4%         N/A       97%         5


Dungeon Overview and Level Annotations

Branches:
Dungeon (3/15)

Altars:

Shops:
D:1 =


Message History

r - a brown potion 2 orcs come into view.
The orc shouts!
An orc priest comes into view. It is wielding a +0 flail.
A goblin comes into view. It is wielding a +0 dagger.
Casting: Scorch (safe; 3% risk of failure)
Confirm with . or Enter, or press ? or * to list all spells.
Flames lash the orc.
The orc shouts!
The orc is heavily wounded.
The orc's fire resistance burns away.
The orc priest shouts!
The orc priest calls upon Beogh to heal the orc.
The orc's wounds heal themselves!
Casting: Scorch (safe; 3% risk of failure)
Confirm with . or Enter, or press ? or * to list all spells.
Flames lash the orc.
You kill the orc!
The orc priest calls down the wrath of Beogh upon you.
Beogh smites you!
Ouch! That really hurt!
Casting: Scorch (safe; 3% risk of failure)
Confirm with . or Enter, or press ? or * to list all spells.
Flames lash the orc.
The orc is burned terribly!
The orc is heavily wounded.
The orc closely misses you.
The orc priest looks encouraged for a moment.
Casting: Scorch (safe; 3% risk of failure)
Confirm with . or Enter, or press ? or * to list all spells.
Flames lash the goblin.
You kill the goblin!
The orc hits you but does no damage.
Casting: Scorch (safe; 3% risk of failure)
Confirm with . or Enter, or press ? or * to list all spells.
Flames lash the orc.
The orc is burned terribly!
You kill the orc!
The orc priest calls down the wrath of Beogh upon you.
Beogh smites you!
Ouch! That really hurt!
You die...

#.# ###.### ##....
#.# #. ##### #.# #.
#.# #.# #.# #.# #.#
##.# ###
#@#....#########..
#)..# ##.....##..#
#.).####.........##
#.#.# #.........##
o) .# #.........#
#.# .# #.........#
.. .# #.........#
#.# .# #.........#
#. ## #.........###


You could see an orc priest.

Vanquished Creatures
  An adder (D:3)
  A ribbon worm (D:3)
  2 dart slugs
  6 orcs (D:3)
  9 endoplasms
  2 giant cockroaches
  4 goblins
  7 hobgoblins
  6 kobolds
  5 quokkas
  9 ball pythons
  2 bats
  5 frilled lizards
59 creatures vanquished.

Vanquished Creatures (others)
  An endoplasm (D:1)
  136 foxfires
137 creatures vanquished.

Grand Total: 196 creatures vanquished

Notes
Turn   | Place    | Note
-------+----------+-------------------------------------------
     0 | D:1      | Wooperglow the Deep Elf Fire Elementalist began the quest
                  | for the Orb.
     0 | D:1      | Reached XP level 1. HP: 10/10 MP: 6/6
    16 | D:1      | Found Roiji's Jewellery Emporium.
   114 | D:1      | Reached XP level 2. HP: 15/15 MP: 2/8
   730 | D:2      | Reached XP level 3. HP: 19/19 MP: 6/10
  1898 | D:3      | Reached XP level 4. HP: 24/24 MP: 4/11
  2129 | D:3      | Learned a level 2 spell: Scorch
  2361 | D:3      | Killed from afar by an orc priest

Illustrated notes

Levels and vault maps discovered:
D:1:      minmay_arrival_plants_in_alcoves, layout_rooms, serial_shops,
          shop_fountains, lemuel_flame_loot_1
D:2:      layout_loops_corners
D:3:      layout_rooms

Skill      XL: |  1  2  3  4 |
---------------+-------------+-----
Stealth        | 3 |  3.2
Dodging        | 3 |  3.1
Fire Magic     | 4 |  4.1
Spellcasting   | 4 |  4.0
Conjurations   | |  1.8

Action                     |  1- 3 |  4- 6 || total
---------------------------+-------+-------++-------
   Cast: Foxfire           |    81 |    17 ||    98
         Scorch            |       |    11 ||    11
 Armour: Robe              |     6 |     4 ||    10
  Dodge: Dodged            |     7 |     4 ||    11
